 Dungeon Crawl Stone Soup version 0.17-a0-2171-ga91b4ec (webtiles) character file.

40 xeno23 the Scratcher (level 3, -1/15 HPs)
             Began as a Felid Transmuter on Oct 25, 2015.
             Slain by a jackal (3 damage)
             ... on level 1 of the Dungeon.
             The game lasted 00:05:44 (1227 turns).

xeno23 the Scratcher (Felid Transmuter)             Turns: 1227, Time: 00:05:44

Health: -1/15      AC:  1    Str:  6    XL:     3   Next: 30%
Magic:  0/7        EV: 18    Int: 14    God:
Gold:   87         SH:  0    Dex: 17    Spells: 2 memorised, 3 levels left
                                        Lives:  0   Deaths: 0

rFire  . . .     SeeInvis +       - Unarmed
rCold  . . .     Clarity  .     (armour unavailable)
rNeg   + . .     SustAt   .     (shield unavailable)
rPois  .         Gourm    .     (helmet unavailable)
rElec  .         Spirit   .     (cloak unavailable)
rCorr  .         Warding  +     (gloves unavailable)
rMut   .         Stasis   .     (boots unavailable)
MR     .....                    o - amulet of warding
Stlth  ++........               (no ring)
                                (no ring)

@: quick, not resistant to hostile enchantments, unstealthy
A: no armour, no weapons or thrown items, claws 1, fangs 3, see invisible,
carnivore 3, speed 1, shaggy fur 1, slow metabolism 1, sharp paws
a: no special abilities


You were on level 1 of the Dungeon.
You were very full.

You visited 1 branch of the dungeon, and saw 2 of its levels.

You collected 87 gold pieces.

Inventory:

Missiles
 a - 7 arrows
Jewellery
 o - an amulet of warding (around neck)
Scrolls
 f - a scroll of enchant armour {unknown}
 h - a scroll of teleportation {unknown}
 i - a scroll of immolation {unknown}
 k - a scroll of enchant weapon {unknown}
 n - 4 scrolls of random uselessness {unknown}
Potions
 d - a potion of brilliance {unknown}
 e - 2 potions of heal wounds {unknown}
 g - a potion of mutation {unknown}
 j - 2 potions of agility {unknown}
 l - 2 potions of invisibility {unknown}
 m - a potion of might {unknown}
 p - a potion of curing {unknown}
Books
 b - a book of Changes

   Spells                             Type                      Level
   a - Beastly Appendage              Transmutation                1
   b - Sticks to Snakes               Transmutation                2
   c - Spider Form                    Transmutation/Poison         3
   d - Ice Form                       Ice/Transmutation            4
   e - Blade Hands                    Transmutation                5
Comestibles
 c - 3 meat rations


   Skills:
 + Level 1.4 Fighting
 + Level 2.9 Dodging
 + Level 1.3 Stealth
 * Level 3.5 Unarmed Combat
 + Level 2.1 Spellcasting
 * Level 2.7 Transmutations


You had 3 spell levels left.
You knew the following spells:

 Your Spells              Type           Power        Failure   Level  Hunger
a - Beastly Appendage     Trmt           #.....       10%         1    #......
s - Sticks to Snakes      Trmt           #.........   14%         2    ###....


Dungeon Overview and Level Annotations

Branches:
Dungeon (2/15)

Altars:
Fedhas
Okawaru
Qazlal


Innate Abilities, Weirdness & Mutations

You cannot wear armour.
You are incapable of wielding weapons or throwing items.
You have sharp claws.
You have razor-sharp teeth.
You have supernaturally acute eyesight.
You are carnivorous and can eat meat at any time.
You cover ground quickly.
You are covered in fur (AC +1).
You have a slow metabolism.
Your sharp claws are effective at attacking unaware monsters.


Message History

Your ball python grabs the jackal.
Your ball python constricts the jackal.
The jackal bites your ball python. The jackal bites your ball python.
Something bites your ball python. The jackal closely misses you.
Your ball python bites something.
Your ball python constricts the jackal.
You feel a bit more experienced.
There is a stone staircase leading up here.
The jackal barely misses you.
You climb upwards.
There is a stone staircase leading down here.
The jackal bites you.
* * * LOW HITPOINT WARNING * * *
You take 2 damage.
The jackal misses you.
Your magical contamination has completely faded away.
The jackal misses you.
Casting: Sticks to Snakes
Confirm with . or Enter, or press ? or * to list all spells.
You create a snake!
The jackal bites you.
You die...

### #####
#.#######.#.###########
#....h@.S.#.........)..
#.#######.#.###########
#.# #.#.# #.#
#####'#'## #.#
#........# #.#
#........# # #.#
#........# #### #.#
#........# #... #.#
#####.#'## #####.#.


You could see a jackal and a friendly ball python.

Vanquished Creatures
  An adder (D:2)
  A worm (D:2)
  2 giant cockroaches (D:1)
  3 goblins
  4 hobgoblins (D:1)
  A ball python (D:1)
  5 bats
  6 kobolds
  5 rats
28 creatures vanquished.

Vanquished Creatures (collateral kills)
  2 jackals (D:2)
2 creatures vanquished.

Grand Total: 30 creatures vanquished

Notes
Turn   | Place    | Note
--------------------------------------------------------------
     0 | D:1      | xeno23 the Felid Transmuter began the quest for the Orb.
     0 | D:1      | Reached XP level 1. HP: 9/9 MP: 4/4
   240 | D:1      | Reached XP level 2. HP: 8/12 MP: 6/6
   244 | D:1      | Learned a level 2 spell: Sticks to Snakes
   910 | D:2      | Found a blossoming altar of Fedhas.
   994 | D:2      | Reached skill level 1 in Stealth
  1022 | D:2      | Reached XP level 3. HP: 12/15 MP: 7/7
  1048 | D:2      | Found an iron altar of Okawaru.
  1136 | D:2      | Found a stormy altar of Qazlal.
  1227 | D:1      | Slain by a jackal

Vault maps used:
D:1:      onia_arrival_pyramid
D:2:      old_standard_altar, grunt_temple_overflow_open, minmay_strange_pillars

Action                   || total
-------------------------++-------
Melee: Unarmed           ||    81
 Cast: Sticks to Snakes  ||     5
       Beastly Appendage ||     1
 Stab: Sleeping          ||     3
       Distracted        ||     1
  Eat: Chunk             ||     6
